 Dungeon Crawl Stone Soup version 0.29.0 (webtiles) character file.

Game seed: 11612228741389291086

734 DemonSlayer the Firebug (level 7, -4/47 HPs)
             Began as a Demonspawn Fire Elementalist on Aug 25, 2022.
             Slain by an ogre
             ... wielding a +0 giant club
              (28 damage)
             ... on level 6 of the Dungeon.
             The game lasted 00:10:47 (8389 turns).

DemonSlayer the Firebug (DsFE)                      Turns: 8389, Time: 00:10:48

Health: -4/47      AC: 12    Str:  8    XL:     7   Next: 45%
Magic:  0/13       EV: 10    Int: 17    God:
Gold:   75         SH:  0    Dex: 13    Spells: 3/14 levels left

rFire   . . .      SeeInvis .   y - +1 falchion (protect)
rCold   . . .      Faith    .   (no shield)
rNeg    . . .      Spirit   +   E - +0 ring mail of Xora {rElec Regen+ Int-2}
rPois   +          Reflect  .   (no helmet)
rElec   +          Harm     .   a - +0 cloak
rCorr   .          Rampage  .   (no gloves)
Will    .....                   (no boots)
Stlth   +.........              s - amulet of guardian spirit
HPRegen 0.95/turn               i - ring of poison resistance
MPRegen 0.13/turn               p - +4 ring of protection

@: mighty
A: hooves 2, molten scales 1, powered by death 1
a: no special abilities


You were on level 6 of the Dungeon.
You visited 1 branch of the dungeon, and saw 6 of its levels.

You collected 268 gold pieces.
You spent 193 gold pieces at shops.

Inventory:

Hand Weapons
 g - a +2 dagger of draining
 q - a +1 short sword of protection
 y - a +1 falchion of protection (weapon)
Armour
 a - a +0 cloak (worn)
 E - the +0 ring mail of Xora (worn) {rElec Regen+ Int-2}
   (You bought it in a shop on level 6 of the Dungeon)

   Int:       It affects your intelligence (-2).
   rElec:     It insulates you from electricity.
   Regen:     It increases your rate of health regeneration.
Jewellery
 i - a ring of poison resistance (left hand)
 p - a +4 ring of protection (right hand)
 s - an amulet of guardian spirit (around neck)
Wands
 C - a wand of flame (17)
 D - a wand of light (1)
Scrolls
 c - 2 scrolls of immolation {unknown}
 d - a scroll of poison {unknown}
 e - a scroll of noise {unknown}
 f - a scroll of silence {unknown}
 j - a scroll of enchant weapon {unknown}
 o - 3 scrolls of teleportation {unknown}
 t - 2 scrolls of blinking {unknown}
 u - 2 scrolls of identify
 v - a scroll of amnesia {unknown}
 w - a scroll of vulnerability {unknown}
 x - 2 scrolls of enchant armour {unknown}
 B - a scroll of fear {unknown}
Potions
 b - a potion of cancellation
 h - a potion of flight
 k - 7 potions of curing
 l - a potion of ambrosia
 m - 2 potions of might
 r - 2 potions of heal wounds {unknown}
 z - a potion of invisibility {unknown}


   Skills:
 + Level 0.9 Fighting
 + Level 1.4 Short Blades
 + Level 2.0 Armour
 + Level 2.3 Dodging
 + Level 2.2 Stealth
 + Level 4.2 Spellcasting
 + Level 3.5 Conjurations
 + Level 4.8 Fire Magic


You had 3 spell levels left.
You knew the following spells:

 Your Spells              Type           Power      Damage    Failure   Level
a - Foxfire               Conj/Fire      68%        2x1d7     9%          1
b - Scorch                Fire           40%        2d7       10%         2
c - Conjure Flame         Conj/Fire      17%        6-21      24%         3
d - Blink                 Tloc           6%         N/A       56%         2
e - Ozocubu's Armour      Ice            3%         N/A       80%         3

Your spell library contained the following spells:

 Spells                   Type           Power      Damage    Failure   Level
 Shock                    Conj/Air       36%        1d5       22%         1
 Inner Flame              Hex/Fire       11%        N/A       45%         3
 Swiftness                Air            3%         N/A       80%         3
 Flame Wave               Conj/Fire      17%        2d7       63%         4
 Airstrike                Air            1%         2d(1-17)  99%         4
 Manifold Assault         Tloc           3%         N/A       100%        5
 Ozocubu's Refrigeration  Ice            1%         4d7       100%        7
 Storm Form               Tmut/Air       1%         N/A       100%        7


Dungeon Overview and Level Annotations

Branches:
Dungeon (6/15)             Temple (0/1) D:6

Altars:
Sif Muna

Shops:
D:6 [

Annotations:
D:4 2 transporters, bakla's ghost, amateur OgBe


Innate Abilities, Weirdness & Mutations

You have hoof-like feet.
You are partially covered in molten scales. (AC +2)
You regenerate a little health from kills.


Message History

Found a staircase to the Ecumenical Temple.
An adder is nearby!
An adder is nearby!
An adder is nearby!
An adder comes into view.
Found a runed chain mail.
The adder hisses angrily. x2
You conjure some foxfire!
You conjure some foxfire!
The foxfire hits the adder.
The adder is severely wounded.
The foxfire hits the adder.
The adder is heavily wounded.
You conjure some foxfire!
The foxfire hits the adder.
You kill the adder!
The foxfire hits the adder but does no damage.
The adder is heavily wounded.
You conjure some foxfire!
The foxfire hits the adder.
The adder is almost dead.
You conjure some foxfire!
The foxfire hits the adder!
You kill the adder!
You miscast Foxfire.
You are very lightly contaminated with residual magic.
Nothing appears to happen.
You conjure some foxfire!
Your foxfire dissipates!
You conjure some foxfire!
Your foxfire dissipates!
Your foxfire dissipates!
An ogre comes into view. It is wielding a +0 giant club.
The ogre shouts!
Your foxfire dissipates!
Your magical contamination has completely faded away.
Found a potion of curing.
The ogre hits you with a +0 giant club!!
Ouch! That really hurt!
You are too injured to fight recklessly!
You feel very mighty all of a sudden.
The ogre hits you with a +0 giant club!!
Ouch! That really hurt!
You die...

...........##..#. ...
....###...............#
###.# #.#..##..##.....#
..#.# #.#..##..........
#.#.# #.#..##.##.......
.>#.# #.#..#......... +
..#.# #.#.....†#... ..#
..#.###.#.###.##.###.....
................@O.[.....
..####.#..##...##.......!
..####.#..##...##........
.......#.................
.#######.....>...........
.# #................. .#
#..##...##.#####.. .#
#..##...##.# .. .#


You could see an ogre.

Vanquished Creatures
  A water moccasin (D:6)
  An ogre (D:5)
  2 phantoms
  2 hounds
  2 iguanas (D:6)
  3 orc wizards (D:5)
  9 adders
  3 gnolls (D:4)
  4 worms
  2 dart slugs
  14 orcs
  6 bats
  4 endoplasms
  A giant cockroach (D:1)
  10 goblins
  5 hobgoblins
  3 quokkas
  9 ball pythons
  4 frilled lizards
  7 kobolds
  3 rats
95 creatures vanquished.

Vanquished Creatures (others)
  240 foxfires
  A plant (D:4)
241 creatures vanquished.

Grand Total: 336 creatures vanquished

Notes
Turn   | Place    | Note
-------+----------+-------------------------------------------
     0 | D:1      | DemonSlayer the Demonspawn Fire Elementalist began the
                  | quest for the Orb.
     0 | D:1      | Reached XP level 1. HP: 13/13 MP: 3/3
   839 | D:1      | Gained mutation: You have large cloven feet. [demonic
                  | ancestry]
   839 | D:1      | Reached XP level 2. HP: 19/19 MP: 1/5
  1697 | D:1      | Found a faded altar of an unknown god.
  1705 | D:1      | Learned a level 2 spell: Scorch
  2025 | D:2      | Gained mutation: You regenerate a little health from kills.
                  | [demonic ancestry]
  2025 | D:2      | Reached XP level 3. HP: 18/24 MP: 1/6
  3141 | D:2      | Learned a level 3 spell: Conjure Flame
  3305 | D:3      | Reached XP level 4. HP: 21/31 MP: 3/8
  3551 | D:3      | Identified the +1 scale mail of Cerilun {Will+}
  4605 | D:3      | Learned a level 2 spell: Blink
  5186 | D:4      | Gained mutation: You have hoof-like feet. [demonic
                  | ancestry]
  5186 | D:4      | Reached XP level 5. HP: 32/36 MP: 9/9
  5266 | D:4      | Noticed a phantom
  5281 | D:4      | Killed a phantom
  5282 | D:4      | Reached skill level 1 in Short Blades
  5282 | D:4      | Reached skill level 1 in Armour
  5562 | D:4      | Noticed bakla's ghost (amateur OgBe)
  5580 | D:4      | Found a transporter.
  5599 | D:4      | Found a transporter.
  5623 | D:4      | Gained mutation: You are partially covered in molten
                  | scales. (AC +2) [demonic ancestry]
  5623 | D:4      | Reached XP level 6. HP: 30/42 MP: 5/11
  6478 | D:4      | Learned a level 3 spell: Ozocubu's Armour
  6521 | D:5      | Entered Level 5 of the Dungeon
  6902 | D:5      | Found a shimmering blue altar of Sif Muna.
  7930 | D:6      | Noticed a water moccasin
  7940 | D:6      | Reached XP level 7. HP: 41/47 MP: 3/13
  8301 | D:6      | Found Kyradoh's Armour Emporium.
  8304 | D:6      | Bought the +0 ring mail of Xora {rElec Regen+ Int-2} for
                  | 193 gold pieces
  8373 | D:6      | Found a staircase to the Ecumenical Temple.
  8389 | D:6      | Slain by an ogre

Illustrated notes

Levels and vault maps discovered:
D:1:      heliophobic_arrival_dark_side_of_the_moon, layout_loops_ring,
          hellmonk_ecumenical_altar_leap_of_faith, st_stairs_6
D:2:      layout_basic
D:3:      layout_basic
D:4:      layout_loops_corners, marbit_many_paths, gammafunk_ghost_stat_death,
          grunt_decor_clamped, saegor_snake_ambush
D:5:      layout_loops_ring, led_sif_book, kennysheep_generic_room_15
D:6:      layout_basic, minmay_temple_entry_stoned_glass, serial_shops,
          shop_statue, shop, nicolae_shop_statue_plus, kennysheep_little_box,
          shop

Skill      XL: |  1  2  3  4  5  6  7 |
---------------+----------------------+-----
Fire Magic     | 3 4 |  4.8
Dodging        | 2 |  2.3
Spellcasting   | 3 4 |  4.2
Stealth        | 2 |  2.2
Short Blades   | 1 |  1.4
Armour         | 1 2 |  2.0
Conjurations   | 2 3 |  3.5
Fighting       | |  0.9

Action                   |  1- 3 |  4- 6 |  7- 9 || total
-------------------------+-------+-------+-------++-------
Melee: Unarmed           |     5 |       |       ||     5
       Dagger            |    34 |    30 |       ||    64
       Kick              |     5 |    27 |       ||    32
       Short sword       |       |    90 |       ||    90
       Falchion          |       |     4 |     3 ||     7
       Punch             |       |     1 |       ||     1
 Cast: Foxfire           |    33 |    87 |    29 ||   149
       Scorch            |    18 |     6 |       ||    24
  Use: Potion            |       |     1 |     1 ||     2
       Scroll            |       |     5 |       ||     5
 Stab: Sleeping          |     2 |       |       ||     2
Armor: Robe              |    12 |       |       ||    12
       Scale mail        |       |   132 |     5 ||   137
Dodge: Dodged            |    22 |    68 |     5 ||    95
